 Dungeon Crawl Stone Soup version 0.21.1-1-g345015f (webtiles) character file.

32 kae the Shooter (level 3, -5/30 HPs)
             Began as a Centaur Hunter on June 11, 2018.
             Killed by divine providence
             ... invoked by an orc priest
              (10 damage)
             ... on level 2 of the Dungeon.
             The game lasted 00:01:30 (1464 turns).

kae the Shooter (Centaur Hunter)                    Turns: 1464, Time: 00:01:31

Health: -5/30      AC:  5    Str: 14    XL:     3   Next: 8%
Magic:  3/3        EV:  9    Int: 10    God:
Gold:   44         SH:  0    Dex: 10    Spells: 2/2 levels left

rFire    . . .     SeeInvis .   a - +1 shortbow
rCold    . . .     Gourm    .   (shield currently unavailable)
rNeg     . . .     Faith    .   c - +0 leather armour
rPois    .         Spirit   .   (no helmet)
rElec    .         Reflect  .   k - +0 cloak
rCorr    .         Harm     .   (no gloves)
MR       .....                  (no barding)
Stlth    +.........             (no amulet)
HPRegen  0.10/turn              (no ring)
MPRegen  0.08/turn              (no ring)

@: very quick
A: large, hooves 3, deformed body, speed 2, tough skin 3
a: no special abilities


You were on level 2 of the Dungeon.
You were very hungry.

You visited 1 branch of the dungeon, and saw 2 of its levels.

You collected 44 gold pieces.

Inventory:

Hand Weapons
 a - a +1 shortbow (weapon)
 b - a +0 short sword
Missiles
 d - 10 arrows (quivered)
Armour
 c - a +0 leather armour (worn)
 k - a +0 cloak (worn)
Jewellery
 l - a cursed amulet of inaccuracy {unknown}
Scrolls
 e - 4 scrolls of identify
 j - 2 scrolls of remove curse
 m - a scroll of amnesia {unknown}
Potions
 g - a potion of heal wounds
 h - a potion of invisibility {unknown}
 i - a potion of lignification {unknown}
 n - a potion of curing {unknown}
 o - a potion of brilliance {unknown}
 p - a potion of haste {unknown}
Comestibles
 f - 4 rations


   Skills:
 + Level 2.4 Fighting
 + Level 1.1 Short Blades
 + Level 5.6 Bows
 + Level 1.7 Dodging
 - Level 0.4 Stealth


You had 2 spell levels left.
You didn't know any spells.

Dungeon Overview and Level Annotations

Branches:
Dungeon (2/15)

Altars:
Ru


Innate Abilities, Weirdness & Mutations

You have hooves in place of feet.
Armour fits poorly on your strangely shaped body.
You cover ground very quickly.
You have extremely tough skin. (AC +3)


Message History

Aim: a goblin You shoot an arrow.
The arrow hits the goblin.
The goblin is moderately wounded.
The goblin hits you but does no damage.
Firing (i - inventory):
d - 12 arrows (quivered)
Press: ? - help, Shift-Dir - straight line, f/p - goblin
Aim: a goblin (moderately wounded)
You shoot an arrow. The arrow hits the goblin.
You kill the goblin!
The adder bites you but does no damage.
Firing (i - inventory):
d - 11 arrows (quivered)
Press: ? - help, Shift-Dir - straight line, f - adder
Aim: an adder (lightly wounded)
You shoot an arrow. The arrow hits the adder.
The adder is severely wounded.
The adder bites you.
* * * LOW HITPOINT WARNING * * *
The orc priest mumbles some strange prayers to Beogh against you.
Beogh smites you!
You die...

.................#
.................+ ...
.................# ..##
.o...............# ..(.
#..)............)# ..# .
#........o.l.....#.(.#..
#.....####..o....#......
#....## ##......(....#
...### ##....@S....#
.... ##........... ...
#........### ...
#####....... ... .......
... ##..... .. ..... ..
.....


You could see an orc priest, an adder, an orc and a frilled lizard.

Vanquished Creatures
  2 leopard geckos
  An orc (D:2)
  2 giant cockroaches
  A hobgoblin (D:1)
  3 kobolds
  A quokka (D:2)
  A ball python (D:1)
  5 bats
  2 frilled lizards
  5 goblins
  5 rats
28 creatures vanquished.

Notes
Turn   | Place    | Note
-------+----------+-------------------------------------------
     0 | D:1      | kae the Centaur Hunter began the quest for the Orb.
     0 | D:1      | Reached XP level 1. HP: 17/17 MP: 1/1
   397 | D:1      | Reached XP level 2. HP: 11/24 MP: 2/2
  1297 | D:2      | Reached skill level 1 in Short Blades
  1318 | D:2      | Found a sacrificial altar of Ru.
  1412 | D:2      | Reached XP level 3. HP: 27/30 MP: 3/3
  1464 | D:2      | Killed from afar by an orc priest

Skill      XL: |  1  2 |
---------------+-------+-----
Short Blades   | 1 |  1.1
Fighting       | |  2.4
Bows           | |  5.6
Dodging        | |  1.7
Stealth        | |  0.4

Action                   || total
-------------------------++-------
Melee: Short sword       ||    82
       Kick              ||    12
 Fire: Shortbow          ||    19
  Use: Scroll            ||     2
Armor: Leather armour    ||    46
Dodge: Dodged            ||    38
